 Dungeon Sprint DCSS version 0.27-a0-1273-gec92ba881d (webtiles) character file.

Game seed: 2268953220833668167

540 mhtbhm the Blocker (level 7, -27/62 HPs)
             Began as a Formicid Fighter on June 11, 2021.
             Was an Initiate of Trog.
             Killed from afar by a deep elf pyromancer (42 damage)
             ... with a bolt of fire
             ... in the Dungeon (Sprint III: "The Ten Rune Challenge").
             The game lasted 00:01:40 (1072 turns).

mhtbhm the Blocker (Formicid Fighter)               Turns: 1072, Time: 00:01:41

Health: -27/62     AC:  8    Str: 23    XL:     7   Next: 51%
Magic:  7/7        EV: 10    Int:  7    God:    Trog [......]
Gold:   26         SH: 11    Dex: 10    Spells: 6/6 levels left

rFire    . . .     SeeInvis +   a - +0 war axe
rCold    + . .     Faith    .   c - +0 kite shield
rNeg     . . .     Spirit   .   b - +0 scale mail
rPois    .         Reflect  .   (helmet unavailable)
rElec    .         Harm     .   (no cloak)
rCorr    .         Rampage  .   (no gloves)
Will     +....                  (no boots)
Stlth    ..........             (no amulet)
HPRegen  0.20/turn              (no ring)
MPRegen  0.10/turn              (no ring)

@: no status effects
A: permanent stasis, dig shafts and tunnels, antennae 3, four strong arms, cold
resistance 1, strong-willed 1
a: Dig, Renounce Religion


You were in the Dungeon.
You worshipped Trog.
Trog was noncommittal.
You visited 1 branch You collected 26 gold pieces.

Inventory:

Hand Weapons
 a - a +0 war axe (weapon)
Armour
 b - a +0 scale mail (worn)
 c - a +0 kite shield (worn)
Wands
 h - a wand of digging (4)
 i - a wand of iceblast (6)
Scrolls
 j - 2 scrolls of immolation {unknown}
 k - 4 scrolls of identify
Potions
 d - a potion of might
 e - a potion of curing
 g - 3 potions of magic
 l - 5 potions of flight


   Skills:
 + Level 8.1 Fighting
 + Level 8.3 Axes
 + Level 9.0 Armour
 + Level 2.2 Dodging
 + Level 9.3 Shields
 + Level 1.6 Evocations


You had 6 spell levels left.
You didn't know any spells.
Your spell library contained the following spells:

 Spells                   Type           Power      Damage    Failure   Level
 Magic Dart               Conj           0%         1d3       71%         1
 Searing Ray              Conj           0%         3d3       83%         2
 Dazzling Flash           Conj/Hex       0%         N/A       97%         3
 Fulminant Prism          Conj/Hex       0%         3d6       100%        4
 Iskenderun's Mystic Bla  Conj/Tloc      0%         2d3       100%        4


Dungeon Overview and Level Annotations

Branches:
Dungeon (1/1)

Altars:
Dithmenos
Elyvilon
Kikubaaqudgha
Okawaru
Ru
Sif Muna
Trog
Uskayaw
Vehumet
Wu Jian
Yredelemnul
Zin
The Shining One
Beogh


Innate Abilities, Weirdness & Mutations

You cannot be hasted, slowed, berserked, paralysed or teleported.
You can dig through walls and to a lower floor.
You have a pair of large antennae on your head. (SInv)
Your four strong arms can wield two-handed weapons with a shield.
Your flesh is cold resistant. (rC+)
You are strong-willed. (Will+)


Message History

You barely miss the deep elf pyromancer.
The deep elf pyromancer is severely wounded.
You hit the fire elemental. The fire elemental barely misses you.
The deep elf pyromancer drinks a potion.
The deep elf pyromancer is healed!
You barely miss the fire elemental.
The fire elemental is moderately damaged.
You hit the deep elf pyromancer. You block the fire elemental's attack.
The deep elf pyromancer hits you with a +0 long sword of holy wrath.
You slash the deep elf pyromancer!
The deep elf pyromancer is heavily wounded.
You hit the fire elemental. The fire elemental hits you.
The fire elemental burns you!
You block the deep elf pyromancer's attack.
The fire elemental hits you. The fire elemental burns you!
You are too injured to fight recklessly!
You are too injured to fight recklessly!
You are too injured to fight recklessly!
You are too injured to fight recklessly!
You are too injured to fight recklessly!
You are too injured to fight recklessly!
You are too injured to fight recklessly!
You are too injured to fight recklessly!
You are too injured to fight recklessly!
You are too injured to fight recklessly!
You are too injured to fight recklessly!
You are too injured to fight recklessly!
You are too injured to fight recklessly!
You slash the deep elf pyromancer!
The deep elf pyromancer is severely wounded.
You slash the fire elemental! The fire elemental hits you.
The fire elemental burns you!
* * * LOW HITPOINT WARNING * * *
The deep elf pyromancer hits you with a +0 long sword of holy wrath!
* * * LOW HITPOINT WARNING * * *
You feel better. The fire elemental barely misses you.
The deep elf pyromancer points at you and mumbles some strange words.
The bolt of fire hits you!!!
Ouch! That really hurt!
You die...

▓▓▓▓▓ ▓▓▓
#)..#########.############
#.............#___#___#__#
#.....).#..#..#e@.#__.#._#
{{
##.##...#..#..###E#)###+##
{{
##.###..##+#..#....÷..[÷.#
{{ ###.##..#
#...'.⌠........# #..##.†##
#...#...######+# ...##..#
#....#.⌠.# {
..##...##.....#...# {
.##....#......#'###
###..##.#.....#)).#


You could see a deep elf pyromancer and a fire elemental (summoned).

Vanquished Creatures
  A necrophage (D)
  A water elemental (D)
  A wizard (D)
  Jessica (D)
  A necromancer (D)
  A kobold demonologist (D)
  3 humans (D)
  A wolf (D)
  An endoplasm (D)
  2 rats (D)
13 creatures vanquished.

Vanquished Creatures (others)
  3 plants (D)
3 creatures vanquished.

Grand Total: 16 creatures vanquished

Notes
Turn   | Place    | Note
-------+----------+-------------------------------------------
     0 | D        | mhtbhm the Formicid Fighter began the quest for the Orb.
     0 | D        | Reached XP level 1. HP: 18/18 MP: 1/1
    28 | D        | Noticed Jessica
    34 | D        | Killed Jessica
    35 | D        | Reached skill level 5 in Shields
    35 | D        | Reached XP level 2. HP: 10/26 MP: 2/2
    35 | D        | Reached XP level 3. HP: 12/32 MP: 3/3
   135 | D        | Gained mutation: Armour fits poorly on your strangely
                  | shaped body. [potion of mutation]
   135 | D        | Gained mutation: Your muscles are strong. (Str +2) [potion
                  | of mutation]
   136 | D        | Lost mutation: Your muscles are strong. (Str +2) [potion of
                  | mutation]
   136 | D        | Lost mutation: Armour fits poorly on your strangely shaped
                  | body. [potion of mutation]
   136 | D        | Gained mutation: You are strong-willed. (Will+) [potion of
                  | mutation]
   136 | D        | Gained mutation: You have large cloven feet. [potion of
                  | mutation]
   136 | D        | Lost mutation: You have large cloven feet. [potion of
                  | mutation]
   136 | D        | Gained mutation: Your flesh is cold resistant. (rC+)
                  | [potion of mutation]
   151 | D        | Reached skill level 5 in Fighting
   151 | D        | Reached skill level 5 in Armour
   162 | D        | Reached XP level 4. HP: 9/39 MP: 4/4
   392 | D        | Noticed a water elemental
   400 | D        | Killed a water elemental
   401 | D        | Reached XP level 5. HP: 24/46 MP: 5/5
   553 | D        | Found a radiant altar of Vehumet.
   554 | D        | Found a shimmering blue altar of Sif Muna.
   554 | D        | Found an ancient bone altar of Kikubaaqudgha.
   563 | D        | Reached skill level 5 in Axes
   638 | D        | Found a basalt altar of Yredelemnul.
   638 | D        | Found a shadowy altar of Dithmenos.
   638 | D        | Found a sacrificial altar of Ru.
   638 | D        | Noticed a necrophage
   644 | D        | Reached skill level 1 in Dodging
   644 | D        | Reached XP level 6. HP: 29/53 MP: 6/6
   655 | D        | Killed a necrophage
   807 | D        | Found a hide-covered altar of Uskayaw.
   807 | D        | Found an iron altar of Okawaru.
   807 | D        | Found a bloodstained altar of Trog.
   807 | D        | Found an ornate altar of the Wu Jian Council.
   807 | D        | Noticed a human
   807 | D        | Noticed a human
   813 | D        | Killed a human
   814 | D        | Reached skill level 1 in Evocations
   814 | D        | Reached XP level 7. HP: 34/61 MP: 7/7
   819 | D        | HP: 1/61 [human/+0 short sword (12)]
   821 | D        | Killed a human
   936 | D        | Became a worshipper of Trog the Wrathful
  1059 | D        | Found a glowing silver altar of Zin.
  1060 | D        | Found a glowing golden altar of the Shining One.
  1060 | D        | Found a white marble altar of Elyvilon.
  1060 | D        | Noticed a deep elf pyromancer
  1068 | D        | Noticed a fire elemental
  1072 | D        | Killed from afar by a deep elf pyromancer

Illustrated notes

Levels and vault maps discovered:
D:        dungeon_sprint_mu [sprint_mu_entry_cave, sprint_mu_temple_rooms,
          sprint_mu_d1_spiders, sprint_mu_d2_genie, sprint_mu_d3_branching,
          sprint_mu_orc_legion, sprint_mu_elf_gauntlet, sprint_mu_hive_nellie,
          sprint_mu_lair_fedhas, sprint_mu_vaults_butterflies,
          sprint_mu_slime_circle, sprint_mu_swamp_cave, sprint_mu_snake_twists,
          sprint_mu_blade_basic, sprint_mu_crypt_chambers,
          sprint_mu_tomb_spiral, sprint_mu_vestibule_basic,
          sprint_mu_gehenna_hellfire, sprint_mu_dis_giant,
          sprint_mu_tartarus_statrot, sprint_mu_cocytus_islands, sprint_mu_zot1]

Skill      XL: |  1  2  3  4  5  6  7 |
---------------+----------------------+-----
Shields        | 5 6 7 9 |  9.3
Fighting       | 4 5 6 7 8 |  8.1
Armour         | 4 5 6 7 8 9 |  9.0
Axes           | 3 4 5 7 8 |  8.3
Dodging        | 1 2 |  2.2
Evocations     | 1 |  1.6

Action                   |  1- 3 |  4- 6 |  7- 9 || total
-------------------------+-------+-------+-------++-------
Melee: War axe           |    24 |    35 |    17 ||    76
Evoke: Wand              |     1 |     2 |       ||     3
  Use: Potion            |     2 |       |     2 ||     4
Armor: Scale mail        |     5 |     8 |     1 ||    14
Dodge: Dodged            |    10 |    13 |     5 ||    28
Block: Kite shield       |    14 |    20 |     9 ||    43

Table legend: (Time is in decaauts)
 A = Elapsed time spent in this place.
 B = Non-inter-level travel time spent in this place.
 C = Inter-level travel time spent in this place.
 D = Time resting spent in this place.
 E = Time spent auto-exploring this place.
 F = Levels seen in this place.
 G = Mean time per level.
                   A        B        C        D        E       F      G
               +--------+--------+--------+--------+--------+-----+--------+
         Total |   1097 |   1097 |      0 |    856 |     18 |   1 | 1097.0 |
       Dungeon |   1097 |   1097 |      0 |    856 |     18 |   1 | 1097.0 |
               +--------+--------+--------+--------+--------+-----+--------+

Top non-repeatable levels by time:
       D: 1097 daAuts
